 Dungeon Crawl Stone Soup version 0.28.0-53-g5a82cb258f (webtiles) character file.

Game seed: 13237970356628494030

0 Descartes the Vexing (level 1, 0/9 HPs)
             Began as a Felid Wanderer on Aug 18, 2022.
             Slain by a giant cockroach (2 damage)
             ... on level 1 of the Dungeon.
             The game lasted 00:00:26 (26 turns).

Descartes the Vexing (Felid Wanderer)                 Turns: 26, Time: 00:00:27

Health: 0/9        AC:  1    Str: 10    XL:     1   Next: 8%
Magic:  4/4        EV: 16    Int: 13    God:
Gold:   0          SH:  0    Dex: 13    Spells: 3/4 levels left
                                        Lives:  0   Deaths: 0

rFire   . . .      SeeInvis +   (weapon unavailable)
rCold   . . .      Faith    .   (shield unavailable)
rNeg    . . .      Spirit   .   (armour unavailable)
rPois   .          Reflect  .   (helmet unavailable)
rElec   .          Harm     .   (cloak unavailable)
rCorr   .          Rampage  .   (gloves unavailable)
Will    .....                   (boots unavailable)
Stlth   ++........              (no amulet)
HPRegen 0.03/turn               (no ring)
MPRegen 0.09/turn               (no ring)

@: quick
A: very small, claws 1, fangs 3, see invisible, speed 1, shaggy fur 1, stealthy
paws, no weapons or thrown items, no armour, multi-lived
a: no special abilities


You were on level 1 of the Dungeon.
You visited 1 branch of the dungeon, and saw 1 of its levels.

Inventory:

Scrolls
 a - a scroll of fog


   Skills:
 - Level 2.0 Fighting
 + Level 1.4 Dodging
 + Level 1.4 Stealth
 + Level 0.0 Unarmed Combat
 - Level 2.0 Spellcasting
 - Level 5.8 Hexes


You had 3 spell levels left.
You knew the following spells:

 Your Spells              Type           Power      Damage    Failure   Level
a - Slow                  Hex            64%        N/A       2%          1

Your spell library contained the following spells:

 Spells                   Type           Power      Damage    Failure   Level
 Tukima's Dance           Hex            16%        N/A       7%          3
 Dazzling Flash           Conj/Hex       16%        N/A       22%         3


Dungeon Overview and Level Annotations

Branches:
Dungeon (1/15)

Altars:


Innate Abilities, Weirdness & Mutations

You have sharp claws.
You have razor-sharp teeth.
You have supernaturally acute eyesight. (SInv)
You cover ground quickly. (Speed+)
You are covered in fur. (AC +1)
Your paws help you pounce on unaware monsters.
You are incapable of wielding weapons or throwing items.
You cannot wear armour.
You gain extra lives every three experience levels.


Message History

The frilled lizard is heavily wounded.
The giant cockroach completely misses you.
The frilled lizard barely misses you.
You scratch the frilled lizard.
You kill the frilled lizard!
The giant cockroach barely misses you.
You scratch the giant cockroach.
The giant cockroach is moderately wounded.
The giant cockroach misses you. The giant cockroach barely misses you.
You scratch the giant cockroach.
The giant cockroach is heavily wounded.
The giant cockroach misses you.
You scratch the giant cockroach but do no damage.
The giant cockroach is heavily wounded.
The giant cockroach bites you.
You are too injured to fight recklessly!
You are too injured to fight recklessly!
You are too injured to fight recklessly!
You are too injured to fight recklessly!
You are too injured to fight recklessly!
You are too injured to fight recklessly!
You are too injured to fight recklessly!
You are too injured to fight recklessly!
You are too injured to fight recklessly!
You are too injured to fight recklessly!
You are too injured to fight recklessly!
You are too injured to fight recklessly!
You are too injured to fight recklessly!
You are too injured to fight recklessly!
You are too injured to fight recklessly!
Unknown command.
You scratch the giant cockroach.
The giant cockroach is severely wounded.
The giant cockroach bites you.
* * * LOW HITPOINT WARNING * * *
You barely miss the giant cockroach.
You claw the giant cockroach, but do no damage.
The giant cockroach is severely wounded.
The giant cockroach bites you.
You die...

#### ...###
..... ##...#
#######†B.#
#.....#@..#
#.....'...#
#.....##.##
#.########'###
.#
#...........#
..
#.####......#
..# #####''##
.## #.....# .#
#..<..+


You could see a giant cockroach.

Vanquished Creatures
  A frilled lizard (D:1)
1 creature vanquished.

Notes
Turn   | Place    | Note
-------+----------+-------------------------------------------
     0 | D:1      | Descartes the Felid Wanderer began the quest for the Orb.
     0 | D:1      | Descartes set off with the following items: a scroll of
                  | fog; and the following spell memorised: Slow; and the
                  | following spells available to memorise: Tukima's Dance,
                  | Dazzling Flash
     0 | D:1      | Reached XP level 1. HP: 9/9 MP: 4/4
    26 | D:1      | Slain by a giant cockroach

Illustrated notes

Levels and vault maps discovered:
D:1:      dpeg_arrival_houses_and_road, layout_rooms

Action                   || total
-------------------------++-------
Melee: Unarmed           ||     9
       Punch             ||     1
Armor: Skin              ||     1
Dodge: Dodged            ||     9
